Map: Automaton LE

Players

soul

  • Race: Terran Terran
  • League: Grandmaster
  • Spawn Location: 3:00

Lambo - Winner!

  • Race: Zerg Zerg
  • League: Grandmaster
  • Spawn Location: 9:00

VOD

Have the link to the VOD?

Description

Time

  • Played on: Dec. 28, 2018, 10:12 a.m.
  • Length: 22:45
Show
View Real Time Build Order
Export as new Build Order

soul Terran 

Build Orders: Gas First Reaper Expand, Hellion Banshee 

Get SALT Encoding   

  12  0:00  SCV  
  13  0:12  SCV  
  14  0:17  Supply Depot  
  14  0:25  SCV  
  15  0:32  Refinery  
  15  0:39  SCV  
  16  0:45  Barracks  
  16  0:51  SCV  
  17  1:03  SCV  
  18  1:15  SCV  
  19  1:32  Reaper, Orbital Command  
  20  1:44  Command Center  
  20  1:56  Factory  
  20  1:59  SCV  
  21  2:09  Barracks Reactor  
  21  2:10  Supply Depot  
  21  2:12  SCV  
  22  2:17  Refinery  
  22  2:25  SCV  
  24  2:37  SCV  
  24  2:45  Starport  
  24  2:49  SCV  
  25  2:53  Hellion x2  
  25  2:57  Orbital Command  
  29  3:01  SCV  
  30  3:13  SCV  
  30  3:14  Hellion  
  30  3:15  Hellion  
  35  3:21  Viking  
  35  3:23  SCV  
  38  3:29  Barracks Tech Lab, Supply Depot  
  38  3:32  SCV  
  39  3:35  SCV  
  40  3:43  Hellion  
  40  3:45  SCV, Hellion  
  40  3:47  SCV  
  46  3:54  Supply Depot  
  46  3:57  SCV  
  46  3:59  SCV  
  46  4:00  Cloaking Field  
  46  4:02  Banshee  
  51  4:09  SCV  
  52  4:11  SCV  
  53  4:19  Command Center  
  53  4:21  SCV  
  53  4:23  SCV  
  55  4:27  Supply Depot  
  55  4:33  Refinery, SCV  
  55  4:35  Refinery  
  55  4:36  SCV  
  57  4:44  Factory  
  57  4:45  SCV, Banshee  
  60  4:48  SCV  
  62  4:53  Supply Depot  
  62  4:57  SCV  
  63  5:01  Barracks Tech Lab, SCV  
  63  5:04  Factory  
  64  5:10  SCV  
  64  5:13  SCV, Hellion x2  
  70  5:18  Supply Depot  
  70  5:20  Hyperflight Rotors  
  70  5:22  SCV  
  70  5:25  SCV  
  72  5:34  SCV  
  74  5:37  SCV  
  74  5:42  Orbital Command  
  74  5:43  Cyclone  
  74  5:44  Mag-Field Accelerator  
  74  5:45  Banshee  
  74  5:46  SCV  
  74  5:47  Hellion  
  74  5:49  Factory Tech Lab  
  83  5:50  Hellion  
  83  5:51  SCV  
  86  5:58  SCV  
  86  6:02  Armory  
  86  6:03  Armory  
  87  6:06  Orbital Command  
  87  6:08  Cyclone  
  87  6:09  SCV  
  87  6:10  SCV  
  92  6:19  Cyclone  
  92  6:21  SCV  
  92  6:22  SCV  
  92  6:23  Hellion  
  92  6:24  Hellion  
  101  6:30  Supply Depot  
  101  6:32  SCV, Supply Depot  
  102  6:39  Banshee  
  105  6:40  SCV, Cyclone  
  109  6:47  Refinery  
  109  6:48  Refinery  
  109  6:50  Infernal Pre-Igniter  
  109  6:52  SCV x2  
  109  6:54  SCV  
  112  6:55  Supply Depot  
  112  7:00  Supply Depot  
  112  7:01  Supply Depot  
  112  7:04  SCV, Cyclone  
  112  7:05  Hellion  
  112  7:06  SCV  
  120  7:08  SCV  
  120  7:14  Cyclone  
  123  7:16  SCV  
  123  7:19  SCV  
  125  7:25  Banshee  
  128  7:30  Supply Depot  
  128  7:32  SCV, Supply Depot  
  128  7:34  SCV  
  128  7:35  Hellion  
  128  7:36  Cyclone  
  133  7:37  Terran Vehicle Weapons Level 1  
  133  7:39  Command Center  
  133  7:49  Factory  
  133  7:51  Factory  
  133  7:52  SCV  
  133  7:54  Terran Vehicle And Ship Armor Level 1  
  133  7:57  SCV  
  138  8:09  SCV  
  138  8:10  Hellion x2  
  138  8:11  SCV  
  143  8:16  Hellion x2, Siege Tank x2  
  143  8:17  SCV  
  148  8:20  Supply Depot x2  
  148  8:24  SCV  
  149  8:36  SCV  
  149  8:38  Hellion, Engineering Bay  
  149  8:39  Factory Reactor  
  149  8:40  Factory Tech Lab  
  149  8:41  SCV  
  153  8:46  Factory x2  
  153  8:48  Siege Tank  
  156  8:49  SCV  
  157  9:00  Siege Tank x2  
  161  9:11  Planetary Fortress  
  161  9:13  Refinery x2  
  161  9:14  SCV  
  161  9:16  Command Center, Hellion x2  
  166  9:20  Siege Tank  
  169  9:30  Hellion  
  168  9:32  Siege Tank x2  
  168  9:33  Hellion  
  169  9:40  Hellion  
  169  9:44  Hellion  
  170  9:51  Factory Tech Lab x2  
  170  9:52  Command Center, Siege Tank  
  173  9:55  Terran Vehicle Weapons Level 2  
  173  9:56  Terran Vehicle And Ship Armor Level 2  
  173  9:59  Hellion x2  
  177  10:01  Hellion  
  177  10:04  Hellion  
  177  10:05  Missile Turret  
  181  10:08  Siege Tank  
  181  10:09  Hellion  
  181  10:11  Missile Turret  
  186  10:14  Siege Tank  
  186  10:15  Hellion  
  186  10:17  Missile Turret  
  191  10:24  Siege Tank  
  191  10:39  Missile Turret  
  185  10:53  Hellion x13  
  185  10:56  Fusion Core  
  179  10:57  Starport  
  179  10:58  Starport x2  
  179  11:00  Siege Tank  
  182  11:08  Missile Turret, Hellion, Siege Tank  
  184  11:15  Hellion, Siege Tank  
  189  11:19  Missile Turret  
  172  11:26  Siege Tank  
  172  11:27  Liberator x3  
  168  11:33  Siege Tank  
  168  11:34  Hellion  
  168  11:37  Missile Turret, Hellion  
  178  11:42  Missile Turret, Hellion  
  185  12:05  Refinery  
  185  12:08  Thor x3  
  178  12:14  SCV x2  
  178  12:15  SCV  
  191  12:19  SCV  
  190  12:26  SCV  
  190  12:27  Cyclone  
  190  12:28  SCV  
  188  12:32  Cyclone  
  188  12:35  SCV, Hellion  
  182  12:39  SCV  
  186  12:52  Viking x4  
  186  12:55  Refinery  
  186  12:58  Missile Turret, Sensor Tower  
  194  13:02  SCV  
  192  13:07  Planetary Fortress  
  192  13:14  Orbital Command  
  192  13:15  Barracks x2  
  192  13:17  Barracks  
  192  13:18  Ghost Academy  
  192  13:19  Barracks Tech Lab, Terran Infantry Armor Level 1  
  192  13:23  SCV  
  199  13:33  SCV  
  200  13:39  Command Center  
  200  13:47  Starport Tech Lab  
  194  13:54  Terran Vehicle And Ship Armor Level 3, Terran Ship Weapons Level 1, Starport Tech Lab  
  194  13:55  Refinery  
  194  13:57  Starport Tech Lab  
  191  14:19  Battlecruiser  
  191  14:20  Barracks Tech Lab x3  
  191  14:21  Command Center  
  191  14:23  Battlecruiser  
  197  14:28  Viking  
  197  14:30  Battlecruiser  
  197  14:46  Ghost x2  
  191  14:53  Command Center  
  191  14:56  Ghost x2  
  191  14:58  Battlecruiser  
  189  15:14  Ghost  
  189  15:15  Ghost  
  193  15:24  Ghost x2  
  197  15:30  Advanced Ballistics  
  188  15:43  Ghost  
  188  15:45  Ghost  
  186  15:53  Ghost x2  
  186  15:54  Planetary Fortress  
  190  16:02  Hellion x2  
  190  16:06  Refinery  
  190  16:07  Refinery, Command Center, Battlecruiser  
  190  16:08  Command Center  
  196  16:11  Ghost  
  198  16:19  Sensor Tower  
  198  16:23  Missile Turret x2  
  198  16:29  Terran Infantry Armor Level 2  
  198  16:32  Personal Cloaking  
  198  16:46  Battlecruiser  
  192  16:48  Liberator  
  192  16:52  Battlecruiser  
  184  16:58  Ghost  
  184  17:02  Ghost x2  
  185  17:08  Orbital Command  
  185  17:11  Command Center  
  183  17:17  Ghost  
  175  17:27  Ghost  
  177  17:31  Ghost x2  
  177  17:34  Planetary Fortress  
  181  17:41  Command Center  
  181  17:43  Orbital Command x2  
  181  17:44  Liberator x2  
  181  17:46  Terran Ship Weapons Level 2  
  181  17:49  Liberator  
  181  17:55  Liberator  
  181  17:56  Ghost x2  
  179  18:00  Sensor Tower  
  187  18:20  Nuke  
  187  18:23  Ghost Academy  
  187  18:24  Ghost Academy  
  187  18:27  Liberator x2  
  187  18:28  Orbital Command  
  187  18:29  Refinery  
  187  18:43  Missile Turret  
  193  18:49  Battlecruiser  
  199  19:05  Liberator  
  200  19:42  Liberator x2  
  200  19:52  Missile Turret  
  200  19:54  Sensor Tower  
  196  20:04  Planetary Fortress  
  196  20:21  Refinery  
  196  20:24  Refinery, Missile Turret x2  
  196  20:35  Nuke x3  
  195  21:14  Weapon Refit  
  198  21:18  Missile Turret  
  198  21:32  Ghost x4  
  197  22:00  Ghost x2  
  199  22:02  Ghost  
Show
View Real Time Build Order
Export as new Build Order

Lambo Zerg - Winner!

Build Orders: Hatch First, Brood Lord Corruptor 

Get SALT Encoding   

  12  0:00  Drone  
  13  0:14  Overlord  
  13  0:17  Drone  
  14  0:32  Drone x2  
  16  0:50  Hatchery  
  16  0:53  Drone  
  16  0:56  Drone  
  17  0:59  Drone  
  18  1:10  Extractor  
  17  1:15  Spawning Pool  
  17  1:18  Drone  
  17  1:21  Drone  
  18  1:30  Drone  
  19  1:42  Drone  
  20  1:54  Overlord  
  20  2:02  Queen x2  
  20  2:03  Zergling x4  
  26  2:11  Metabolic Boost  
  26  2:14  Drone  
  26  2:15  Drone  
  28  2:24  Drone x2  
  30  2:41  Hatchery  
  30  2:42  Drone  
  30  2:48  Pneumatized Carapace  
  30  2:51  Drone  
  31  2:56  Overlord  
  31  2:58  Drone  
  31  3:03  Drone  
  33  3:06  Drone x2  
  33  3:09  Drone  
  36  3:19  Drone x2  
  39  3:20  Drone  
  39  3:21  Queen  
  39  3:26  Overlord  
  41  3:31  Drone x2  
  43  3:43  Drone  
  43  3:44  Queen  
  43  3:46  Drone  
  47  3:52  Zergling x4  
  47  3:53  Overlord  
  49  3:56  Zergling x6  
  49  3:59  Queen  
  49  4:01  Overlord  
  54  4:03  Queen  
  54  4:07  Overlord  
  56  4:11  Overlord  
  56  4:12  Drone  
  56  4:15  Drone  
  58  4:20  Lair  
  58  4:22  Drone x2  
  58  4:23  Drone  
  61  4:29  Roach Warren, Drone  
  61  4:31  Drone  
  61  4:32  Drone  
  61  4:36  Drone x2  
  65  4:39  Queen  
  65  4:42  Drone  
  68  4:46  Drone x2  
  68  4:48  Drone x3  
  73  4:54  Extractor  
  73  4:55  Extractor, Drone  
  72  5:00  Drone x4  
  72  5:02  Drone  
  77  5:13  Queen  
  79  5:15  Queen  
  79  5:16  Spore Crawler  
  79  5:17  Spore Crawler  
  79  5:20  Roach  
  81  5:25  Drone  
  82  5:31  Drone  
  82  5:33  Overseer  
  82  5:34  Overseer  
  81  5:36  Drone x2  
  81  5:40  Overlord  
  81  5:45  Overlord  
  81  5:46  Overlord  
  81  5:47  Drone  
  81  5:48  Overlord  
  82  5:51  Evolution Chamber  
  82  5:52  Queen, Extractor, Evolution Chamber  
  82  5:53  Extractor, Overseer  
  82  5:54  Overlord  
  82  5:57  Overlord, Extractor  
  82  5:58  Overlord  
  82  6:00  Glial Reconstitution, Drone  
  82  6:02  Drone  
  81  6:04  Overlord  
  81  6:05  Drone x6  
  81  6:06  Drone  
  81  6:08  Drone  
  89  6:13  Drone  
  88  6:19  Drone x3  
  88  6:23  Overlord, Zerg Missile Weapons Level 1, Zerg Ground Armor Level 1  
  88  6:25  Roach  
  93  6:32  Overlord  
  93  6:33  Infestation Pit  
  93  6:39  Drone x3  
  95  6:42  Drone  
  95  6:44  Drone  
  95  6:46  Drone x3  
  100  6:50  Roach, Hatchery  
  100  6:51  Roach  
  103  6:54  Overlord  
  103  6:57  Overlord, Drone  
  104  7:01  Overlord  
  104  7:06  Roach x4  
  112  7:11  Roach x3  
  118  7:16  Roach, Spore Crawler  
  118  7:17  Roach  
  118  7:19  Overlord  
  118  7:21  Roach x2  
  125  7:24  Overlord  
  125  7:33  Roach x5  
  135  7:40  Pathogen Glands  
  135  7:48  Drone x5  
  139  8:01  Spore Crawler  
  139  8:02  Spore Crawler  
  139  8:03  Drone x7  
  139  8:04  Roach, Spore Crawler  
  139  8:05  Roach  
  146  8:07  Overlord  
  146  8:12  Overlord, Tunneling Claws  
  146  8:14  Overlord, Burrow  
  146  8:15  Drone x2  
  146  8:17  Extractor  
  146  8:19  Extractor, Infestor x2  
  150  8:20  Infestor  
  150  8:25  Infestor x2  
  156  8:28  Drone  
  156  8:29  Drone x2  
  159  8:36  Zerg Ground Armor Level 2, Zerg Missile Weapons Level 2  
  159  8:47  Hive  
  159  8:49  Ravager x2  
  159  8:53  Hatchery  
  159  8:55  Roach x4  
  164  8:59  Roach x3  
  168  9:12  Roach x9  
  168  9:14  Drone x3  
  189  9:18  Overlord  
  189  9:30  Roach x2  
  186  9:47  Roach x29  
  186  9:48  Spire  
  186  9:51  Roach x2  
  186  9:52  Ravager x3  
  188  10:03  Hydralisk Den  
  185  10:15  Roach x18  
  185  10:18  Spine Crawler  
  185  10:21  Roach x7  
  198  10:27  Extractor  
  197  10:31  Extractor  
  191  10:42  Roach x18  
  191  10:44  Drone x5  
  191  10:46  Drone x2  
  196  10:59  Zerg Missile Weapons Level 3, Zerg Ground Armor Level 3  
  196  11:00  Grooved Spines  
  196  11:10  Roach x5  
  198  11:12  Greater Spire  
  198  11:23  Infestor x3  
  198  11:24  Roach x8  
  198  11:25  Roach x11  
  185  11:33  Roach  
  185  11:34  Roach x10, Corruptor x7  
  195  11:50  Roach x2  
  183  12:04  Queen x2  
  177  12:11  Muscular Augments  
  177  12:12  Roach x19, Hatchery  
  168  12:36  Brood Lord x7  
  148  12:37  Corruptor  
  148  12:38  Corruptor x4  
  148  12:42  Zerg Flyer Weapons Level 1  
  148  12:43  Queen  
  148  12:50  Roach x7, Spine Crawler  
  163  13:04  Roach x9  
  163  13:05  Overlord  
  181  13:18  Brood Lord  
  181  13:19  Brood Lord x2  
  187  13:24  Drone x3  
  187  13:25  Spore Crawler, Drone x5  
  187  13:26  Spore Crawler  
  193  13:27  Spore Crawler, Spine Crawler  
  193  13:28  Spine Crawler  
  193  13:33  Queen  
  192  13:37  Corruptor, Zerg Melee Weapons Level 1  
  192  13:38  Corruptor x5  
  196  13:46  Drone x5  
  196  13:47  Roach x7  
  198  13:52  Overlord, Drone x2  
  198  13:55  Drone  
  198  13:56  Drone  
  198  13:57  Overlord  
  198  14:01  Spire  
  197  14:06  Extractor  
  197  14:09  Extractor  
  195  14:12  Infestor x2  
  199  14:20  Overseer x2  
  199  14:23  Overlord  
  199  14:40  Overlord  
  198  14:56  Overlord  
  198  14:58  Hatchery  
  196  15:01  Zerg Flyer Weapons Level 2  
  196  15:04  Adrenal Glands  
  196  15:11  Baneling Nest  
  195  15:16  Drone x4  
  195  15:19  Spore Crawler  
  195  15:20  Spore Crawler  
  197  15:27  Drone x2  
  197  15:28  Spore Crawler x2  
  197  15:31  Infestor x5  
  197  15:34  Spine Crawler  
  196  15:38  Overlord  
  196  15:50  Infestor  
  196  15:54  Overlord  
  196  15:56  Zerg Flyer Armor Level 1  
  198  16:08  Spine Crawler  
  197  16:22  Infestor  
  197  16:23  Spine Crawler  
  198  16:31  Zerg Melee Weapons Level 2  
  198  16:32  Spine Crawler  
  198  16:33  Spine Crawler  
  198  16:37  Overlord  
  193  16:54  Roach x15  
  192  17:08  Brood Lord x2  
  196  17:09  Overseer  
  196  17:10  Overseer x3  
  196  17:11  Overseer  
  196  17:21  Corruptor x16  
  200  17:24  Zerg Flyer Weapons Level 3  
  198  17:35  Spore Crawler, Infestor x2  
  199  17:39  Spore Crawler  
  199  17:41  Spore Crawler x2  
  199  17:42  Centrifical Hooks  
  196  17:50  Spore Crawler  
  193  18:02  Zergling x14  
  200  18:18  Zerg Flyer Armor Level 2  
  200  18:40  Spore Crawler x2  
  198  18:43  Spore Crawler x2  
  198  18:47  Spore Crawler, Hatchery  
  194  18:49  Spore Crawler  
  194  18:50  Spore Crawler x5  
  194  18:51  Spore Crawler x3  
  194  18:52  Spore Crawler x2  
  194  18:54  Spore Crawler x2  
  194  18:55  Roach x2, Spore Crawler  
  184  18:57  Drone x16  
  215  19:15  Overlord  
  207  19:59  Extractor  
  206  20:02  Extractor  
  206  20:05  Spine Crawler  
  206  20:06  Spine Crawler x2  
  202  20:08  Spore Crawler, Spine Crawler  
  202  20:13  Viper x2  
  198  20:19  Baneling x7  
  198  20:30  Spore Crawler  
  198  20:31  Spore Crawler x2  
  198  20:32  Viper  
  198  20:34  Zergling x2  
  197  21:22  Overseer x2  
  197  21:23  Overseer x3  
  197  21:29  Zergling x4, Baneling x2  
  195  21:45  Brood Lord x3  
  197  21:55  Hatchery  
  197  21:56  Baneling x4  
  193  22:17  Unknown  
Tags
 
Add a new tag
Caveats
  • Supply blocks, unpowered buildings, or Contaminate may cause inaccurate times.
  • Supply counts are checked every 10 seconds.